 Dungeon Crawl Stone Soup version 0.28.0-45-g0d030f2227 (webtiles) character file.

Game seed: 5774242509664308266

200 Descartes the Grasshopper (level 6, -4/44 HPs)
             Began as a Formicid Warper on Apr 14, 2022.
             Killed from afar by Sigmund (8 damage)
             ... with a magic dart
             ... on level 2 of the Dungeon.
             The game lasted 00:07:01 (4091 turns).

Descartes the Grasshopper (Formicid Warper)         Turns: 4091, Time: 00:07:02

Health: -4/44      AC:  6    Str: 17      XL:     6   Next: 6%
Magic:  9/9        EV: 10    Int: 12 (13) God:
Gold:   89         SH:  0    Dex:  8 (10) Spells: 9/9 levels left

rFire   . . .      SeeInvis +   f - +0 whip (venom)
rCold   . . .      Faith    .   (no shield)
rNeg    + . .      Spirit   .   j - +0 ring mail
rPois   .          Reflect  .   (helmet unavailable)
rElec   .          Harm     .   (no cloak)
rCorr   .          Rampage  .   m - +0 pair of gloves
Will    .....                   (no boots)
Stlth   ..........              o - amulet of magic regeneration
HPRegen 0.14/turn               h - ring of positive energy
MPRegen 0.51/turn               (no ring)

@: no status effects
A: permanent stasis, dig shafts and tunnels, antennae 3, four strong arms
a: Dig, Shaft Self


You were on level 2 of the Dungeon.
You visited 1 branch of the dungeon, and saw 3 of its levels.

You collected 89 gold pieces.

Inventory:

Hand Weapons
 a - a +0 hand axe
 f - a +0 whip of venom (weapon)
Missiles
 c - 5 boomerangs of dispersal (quivered)
 e - 62 stones
 l - 4 poisoned darts
Armour
 j - a +0 ring mail (worn)
 m - a +0 pair of gloves (worn)
Jewellery
 h - a ring of positive energy (left hand)
 o - an amulet of magic regeneration (around neck)
Scrolls
 d - 5 scrolls of identify {unknown}
 i - a scroll of fear {unknown}
 k - a scroll of immolation {unknown}
 n - a scroll of brand weapon {unknown}
 p - a scroll of blinking {unknown}
Potions
 g - a potion of ambrosia {unknown}


   Skills:
 - Level 2.1 Fighting
 + Level 3.6 Axes
 + Level 0.2(2.2) Maces & Flails
 - Level 1.0 Throwing
 + Level 3.5 Armour
 - Level 1.7 Dodging
 - Level 2.1 Spellcasting
 + Level 3.9 Translocations


You had 9 spell levels left.
You didn't know any spells.
Your spell library contained the following spells:

 Spells                   Type           Power      Damage    Failure   Level
 Gell's Gravitas          Tloc           10%        N/A       28%         3
 Lesser Beckoning         Tloc           10%        N/A       28%         3
 Teleport Other           Tloc           10%        N/A       28%         3
 Beastly Appendage        Tmut           2%         N/A       43%         1
 Manifold Assault         Tloc           10%        N/A       95%         5
 Blink                    Tloc           Unusable   N/A       N/A         2

Dungeon Overview and Level Annotations

Branches:
Dungeon (3/15)

Altars:

Shops:
D:1 !

Annotations:
D:2 Sigmund


Innate Abilities, Weirdness & Mutations

You cannot be hasted, slowed, berserked, paralysed or teleported.
You can dig through walls and to a lower floor.
You have a pair of large antennae on your head. (SInv)
Your four strong arms can wield two-handed weapons with a shield.


Message History

There is a stone staircase leading up here.
Sigmund zaps a wand.
The puff of flame misses you.
You climb upwards.
There is a stone staircase leading down here.
You closely miss Sigmund.
Sigmund zaps a wand.
The puff of flame hits you.
You barely miss Sigmund. Sigmund closely misses you.
You closely miss Sigmund. You hit Sigmund.
Sigmund is poisoned.
Sigmund is lightly wounded.
Sigmund drinks a potion.
Sigmund is healed!
Sigmund looks more healthy.
Unknown command.
You barely miss Sigmund. Sigmund casts a spell at you. The magic dart hits you.
You barely miss Sigmund.
Sigmund zaps a wand.
The puff of flame hits you but does no damage.
You closely miss Sigmund. Sigmund hits you with a +0 scythe.
You barely miss Sigmund.
Sigmund zaps a wand.
The puff of flame hits you.
Unknown command.
You hit Sigmund.
Sigmund is poisoned.
Sigmund is lightly wounded.
Sigmund hits you but does no damage.
You barely miss Sigmund.
Sigmund is lightly wounded.
You closely miss Sigmund.
Sigmund is moderately wounded.
Sigmund hits you with a +0 scythe!
You hit Sigmund.
Sigmund looks as sick as possible!
Sigmund is heavily wounded.
Sigmund casts a spell at you. The magic dart hits you.
* * * LOW HITPOINT WARNING * * *
Sigmund casts a spell.
Sigmund flickers and vanishes for a moment.
You see here a +0 club.
Sigmund zaps a wand.
The puff of flame hits you.
* * * LOW HITPOINT WARNING * * *
Sigmund casts a spell at you. The magic dart hits you!
You die...

##...## ####.####
##.## #.......# #.#
#.......# #.#
#.......# ##'##
#.......# ##...##
#.......# #.....##
###.......# .......##
#.........#
........###.[..#@####
.....<..'........#
........###....#.#
.......## #.#[)#)#
#.....## #...>@.#
##...## ####.###
##+## #.# #.# #.#
#.##########.#


You could see Sigmund (invisible, very poisoned).

Vanquished Creatures
  A scorpion (D:2)
  3 adders (D:2)
  7 gnolls
  A worm (D:2)
  5 ball pythons
  7 endoplasms
  4 giant cockroaches (D:1)
  3 goblins
  6 hobgoblins
  2 quokkas (D:1)
  5 bats
  3 frilled lizards
  4 rats
51 creatures vanquished.

Vanquished Creatures (others)
  2 fungi (D:2)
  A plant (D:2)
3 creatures vanquished.

Grand Total: 54 creatures vanquished

Notes
Turn   | Place    | Note
-------+----------+-------------------------------------------
     0 | D:1      | Descartes the Formicid Warper began the quest for the Orb.
     0 | D:1      | Reached XP level 1. HP: 16/16 MP: 3/3
   132 | D:1      | Reached XP level 2. HP: 19/22 MP: 5/5
   710 | D:1      | Found Rewn's Distillery.
   716 | D:1      | Reached XP level 3. HP: 19/27 MP: 6/6
  1296 | D:2      | Noticed a scorpion
  1302 | D:2      | Killed a scorpion
  1303 | D:2      | Reached XP level 4. HP: 31/33 MP: 7/7
  1817 | D:2      | Reached XP level 5. HP: 24/38 MP: 8/8
  2754 | D:2      | Found a faded altar of an unknown god.
  2761 | D:2      | Got Plato's Incunabulum of Changing
  3109 | D:3      | Noticed Sigmund
  3888 | D:2      | Reached XP level 6. HP: 39/44 MP: 9/9
  4091 | D:2      | Killed from afar by Sigmund

Illustrated notes

Levels and vault maps discovered:
D:1:      lightli_arrival_boilingwater, layout_basic, serial_shops,
          nicolae_shop_waterfront
D:2:      layout_loops_corners, shapermc_ecumenical_altar_rom_forum
D:3:      layout_rooms, mainiacjoe_overflow_six_doors_small,
          minmay_misc_feat_square, uniq_crazy_yiuf_cottage, uniq_jessica,
          uniq_sigmund

Skill      XL: |  1  2  3  4 |
---------------+-------------+-----
Translocations | 3 |  3.9
Armour         | 2 3 |  3.5
Axes           | 3 |  3.6
Fighting       | |  2.1
Maces & Flails | |  0.2
Throwing       | |  1.0
Dodging        | |  1.7
Spellcasting   | |  2.1

Action                   |  1- 3 |  4- 6 || total
-------------------------+-------+-------++-------
Melee: Hand axe          |   100 |   105 ||   205
       Punch             |       |     1 ||     1
       Whip              |       |    25 ||    25
  Use: Potion            |       |     3 ||     3
Armor: Leather armour    |    37 |       ||    37
       Ring mail         |     9 |    40 ||    49
Dodge: Dodged            |    77 |    76 ||   153
